 Dungeon Crawl Stone Soup version 0.20-a0-1122-gb7cbeb9 (webtiles) character file.

1401 Gorice the Cleaver (level 8, -5/63 HPs)
             Began as a Minotaur Enchanter on May 14, 2017.
             Slain by an orc warrior
             ... wielding a +0 battleaxe
              (20 damage)
             ... on level 7 of the Dungeon.
             The game lasted 00:22:40 (7257 turns).

Gorice the Cleaver (Minotaur Enchanter)             Turns: 7257, Time: 00:22:41

Health: -5/63      AC: 12    Str: 15    XL:     8   Next: 41%
Magic:  9/9        EV:  6    Int: 12    God:
Gold:   359        SH:  0    Dex: 11    Spells: 8/9 levels left

rFire    . . .     SeeInvis .   r - +1 war axe
rCold    + . .     Gourm    .   (no shield)
rNeg     + . .     Faith    .   A - +0 chain mail
rPois    .         Spirit   .   b - +1 hat
rElec    .         Reflect  .   B - +0 cloak
rCorr    .         Harm     .   u - +1 pair of gloves
MR       .....                  (no boots)
Stlth    ..........             (no amulet)
Regen    0.2/turn               t - ring of protection from cold
MPRegen  0.2/turn               I - ring of positive energy

@: lethally poisoned (-5 -> -6), very slightly contaminated, invisible
(expiring)
A: retaliatory headbutt, horns 2
a: no special abilities


You were on level 7 of the Dungeon.
You were not hungry.

You visited 1 branch of the dungeon, and saw 7 of its levels.

You collected 375 gold pieces.
You spent 16 gold pieces at shops.

Inventory:

Hand Weapons
 a - a +2 hand axe of freezing
   (You found it on level 6 of the Dungeon)
 f - a +1 dagger
 l - a +0 hand axe
 r - a +1 war axe (weapon)
 w - a +2 short sword of speed
   (You took it off a kobold on level 3 of the Dungeon)
 y - a +0 trident of piercing
   (You took it off an orc on level 3 of the Dungeon)
 H - a +1 short sword of draining
   (You found it on level 1 of the Dungeon)
 J - a +0 hunting sling of freezing
   (You found it on level 6 of the Dungeon)
Missiles
 m - 66 sling bullets
 Z - 159 stones (quivered)
Armour
 b - a +1 hat (worn)
 u - a +1 pair of gloves (worn)
 A - a +0 chain mail (worn)
 B - a +0 cloak (worn)
Magical Staves
 C - an uncursed staff of death {unknown}
Jewellery
 o - an uncursed ring of fire
 t - a ring of protection from cold (left hand)
 I - a ring of positive energy (right hand)
Wands
 z - a wand of lightning (3/15)
Scrolls
 q - a scroll of fog
 D - a scroll of remove curse
 E - a scroll of enchant weapon
Potions
 e - a potion of brilliance {!q}
 g - a potion of magic {!q}
 i - a potion of curing {unknown}
 j - a potion of lignification {!q}
 n - 3 potions of haste {!q}
 x - a potion of ambrosia
 F - a potion of mutation {unknown}
Books
 c - a book of Maledictions
 p - a book of Cantrips
Comestibles
 d - 4 bread rations {!e}
 h - 6 fruits
 k - 3 meat rations {!e}


   Skills:
 - Level 3.2 Fighting
 - Level 2.1 Short Blades
 * Level 11.4 Axes
 - Level 2.1 Dodging
 - Level 2.4 Stealth
 - Level 1.3 Spellcasting
 - Level 2.0 Hexes


You had 8 spell levels left.
You knew the following spells:

 Your Spells              Type           Power        Failure   Level  Hunger
a - Corona                Hex            #......      97%         1    ##.....


Dungeon Overview and Level Annotations

Branches:
Dungeon (7/15)
 Temple: D:4-7

Altars:
Gozag
Makhleb
Trog
Wu Jian

Shops:
D:5 *

Annotations:
D:5 kae's ghost, novice HOFi


Innate Abilities, Weirdness & Mutations

You reflexively headbutt those who attack you in melee.
You have a pair of horns on your head.


Message History

Unknown command.
You catch the helpless orc warrior completely off-guard!
You hit the orc warrior but do no damage.
The orc warrior is moderately wounded.
You feel sick. The orc warrior barely misses you. You furiously retaliate!
You headbutt the orc warrior.
Damage: 1 (max 22) Unknown command.
You hit the orc warrior.
The orc warrior is heavily wounded.
You feel sick.
The orc warrior hits you with a battleaxe!!
* * * LOW HITPOINT WARNING * * *
Damage: 20 (max 22) Unknown command.
You strike the helpless orc warrior from behind!
You hit the orc warrior.
The orc warrior is severely wounded.
You slash the orc!
You kill the orc!
Unknown command.
You feel sick.
There is a stone staircase leading up here.
Damage: 1 (max 22)
You slash the adder!
You kill the adder!
Okay, then.
Evoke which item? (* to show all) (? for menu, Esc to quit)
Aiming: Lightning Bolt (will waste charges)
Press: ? - help, Shift-Dir - straight line, f - orc warrior
Aim: an orc warrior, wielding a battleaxe and wearing a chain mail (severely wounded)
You hear a mighty clap of thunder!
The bolt of lightning hits the orc warrior.
The orc warrior is severely wounded.
Evoking this partially-identified wand wasted a few charges.
You flicker for a moment.
You feel sick.
You hear a shout! x5; You hear a loud, deep croak!
You hear an angry hiss.
You hear a bark!
Damage: 1 (max 22)
You hit the orc warrior but do no damage.
The orc warrior is severely wounded.
The orc wizard gestures at something while chanting.
The orc warrior hits you but does no damage.
You closely miss the orc warrior.
The orc warrior is severely wounded.
You feel sick.
Damage: 1 (max 22)
The orc warrior hits you with a battleaxe!!
You die...

##...##
.....#######
###..........
...........
#.......#
#.......# .
#...o†..# ...
#...@)..# #..#
#.####o###...###
.........>..S....
.................
.#...###..#......
#.#. ..(.....## #
# #..(.###.#
..#(.# # ....(.#


You could see an orc warrior and an orc wizard.

Vanquished Creatures
  The ghost of PeterMcNeter the Shield-Bearer, a novice FoFi (D:4)
  2 phantoms
  2 ogres
  3 scorpions
  A howler monkey (D:5)
  A crimson imp (D:6)
  A bullfrog zombie (D:5)
  A quasit (D:5)
  An orc priest (D:6)
  2 centaur skeletons
  A gnoll shaman (D:6)
  An orc wizard (D:6)
  A worker ant (D:4)
  A worker ant zombie (D:5)
  13 adders
  7 gnolls
  A shadow imp (D:5)
  2 oozes
  2 adder skeletons
  2 worms
  3 dart slugs
  3 leopard geckos
  9 orcs
  8 bats
  7 giant cockroaches
  7 goblins
  9 hobgoblins
  19 jackals
  8 kobolds
  A quokka (D:4)
  5 frilled lizards
  A leopard gecko skeleton (D:6)
  A quokka skeleton (D:4)
  8 rats
135 creatures vanquished.

Notes
Turn   | Place    | Note
-------+----------+-------------------------------------------
     0 | D:1      | Gorice the Minotaur Enchanter began the quest for the Orb.
     0 | D:1      | Reached XP level 1. HP: 14/14 MP: 1/1
    49 | D:1      | Reached skill level 1 in Fighting
   240 | D:1      | Reached XP level 2. HP: 23/23 MP: 3/3
   609 | D:1      | Reached skill level 2 in Fighting
   609 | D:1      | Reached skill level 2 in Short Blades
  1005 | D:1      | Reached XP level 3. HP: 30/30 MP: 4/4
  1089 | D:2      | Reached skill level 1 in Axes
  1388 | D:2      | Reached skill level 2 in Axes
  1437 | D:2      | Reached skill level 3 in Fighting
  1437 | D:2      | Reached XP level 4. HP: 32/38 MP: 5/5
  1556 | D:2      | Found an ornate altar of the Wu Jian Council.
  1961 | D:3      | Noticed an ogre
  2263 | D:3      | Reached skill level 3 in Axes
  2306 | D:3      | Killed an ogre
  2306 | D:3      | Reached skill level 4 in Axes
  2306 | D:3      | Reached XP level 5. HP: 39/45 MP: 6/6
  2538 | D:3      | Reached skill level 5 in Axes
  3229 | D:4      | Noticed PeterMcNeter's ghost (novice FoFi)
  3256 | D:4      | Found a bloodstained altar of Trog.
  3549 | D:4      | Reached XP level 6. HP: 51/51 MP: 7/7
  3782 | D:4      | Reached skill level 6 in Axes
  3914 | D:4      | Reached skill level 7 in Axes
  4106 | D:5      | Entered Level 5 of the Dungeon
  4147 | D:5      | Reached XP level 7. HP: 56/57 MP: 8/8
  4155 | D:5      | Reached skill level 8 in Axes
  4211 | D:5      | Found a burning altar of Makhleb.
  4316 | D:5      | Noticed kae's ghost (novice HOFi)
  4545 | D:5      | Found Ituomina's Assorted Antiques.
  4548 | D:5      | Bought a golden potion for 16 gold pieces
  5329 | D:5      | HP: 11/57 [kae's ghost (12)]
  5600 | D:4      | Killed PeterMcNeter's ghost
  5600 | D:4      | Reached skill level 10 in Axes
  5600 | D:4      | Reached XP level 8. HP: 23/63 MP: 9/9
  6661 | D:6      | Found an opulent altar of Gozag.
  7238 | D:6      | Reached skill level 11 in Axes
  7250 | D:7      | HP: 17/63 [orc warrior/battleaxe (19)]
  7256 | D:7      | HP: 15/63 [poisoned by a scorpion]
  7257 | D:7      | Slain by an orc warrior

Vault maps used:
D:1:      lightli_arrival_noodles, serial_co_window_serial, co_window_paths_a,
          co_window_paths_a, co_window_cross_1, co_window_corner_a,
          co_window_paths_a, co_window_corner_b, co_window_corner_cb,
          co_window_broadway_a, co_window_corner_b, co_window_2corner,
          co_window_broadway_a, co_window_paths_e, co_window_4corner_a,
          glass_columns_b
D:2:      marbit_many_paths
D:4:      lightli_temple_of_fire
D:5:      overflow_temple_1_default, first_bread, serial_shops, kennysheep_mini,
          hangedman_decor_points
D:6:      nicolae_gozag_seed_capital
D:7:      cheibrodos_fertilizer, old_standard_altar,
          minmay_temple_entry_poolview, serial_co_window_serial,
          co_window_of_opportunity_a, co_window_paths_b, co_window_paths_a,
          co_window_paths_b, co_window_paths_a, co_window_corner_a,
          co_window_corner_a, co_window_paths_a, co_window_corner_a,
          co_window_corner_b, co_window_unsneaky_path_d, uniq_prince_ribbit1

Skill      XL: |  1  2  3  4  5  6  7  8 |
---------------+-------------------------+-----
Fighting       | 1 2 3 |  3.2
Short Blades   | 2 |  2.1
Axes           | 2 4 5 7 10 11 | 11.4
Dodging        | |  2.1
Stealth        | |  2.4
Spellcasting   | |  1.3
Hexes          | |  2.0

Action                   |  1- 3 |  4- 6 |  7- 9 || total
-------------------------+-------+-------+-------++-------
Melee: Dagger            |     7 |       |       ||     7
       Short sword       |    77 |    60 |       ||   137
       Headbutt          |     7 |    22 |    23 ||    52
       Trident           |       |   155 |    57 ||   212
       War axe           |       |       |    93 ||    93
       Hand axe          |       |       |    15 ||    15
Throw: Tomahawk          |       |     2 |     4 ||     6
       Stone             |       |     2 |       ||     2
Evoke: Wand              |       |       |     1 ||     1
  Use: Scroll            |     3 |    13 |     3 ||    19
       Potion            |       |     1 |     1 ||     2
 Stab: Sleeping          |     1 |       |       ||     1
       Invisible         |       |       |     5 ||     5
  Eat: Chunk             |     2 |     8 |     6 ||    16
       Royal jelly       |       |       |     2 ||     2
Armor: Robe              |    12 |       |       ||    12
       Scale mail        |    13 |    38 |       ||    51
       Chain mail        |       |    67 |    85 ||   152
Dodge: Dodged            |    47 |    84 |    52 ||   183

Table legend:
 A = Turns spent in this place as a percentage of turns spent in the entire game.
 B = Non-inter-level travel turns spent in this place as a percentage of non-inter-level travel turns spent in the entire game.
 C = Inter-level travel turns spent in this place as a percentage of turns spent in this place.
 D = Turns resting spent in this place as a percentage of non-inter-level travel turns spent in this place.
 E = Turns spent auto-exploring this place as a percentage of non-inter-level travel turns spent in this place.
 F = Non-inter-level travel turns spent in this place divided by the number of levels of this place that you've seen.
                   A       B       C       D       E      F
               +-------+-------+-------+-------+-------+----------------------
         Total | 100.0 | 100.0 |   0.9 |   2.0 |   7.1 | 316.0
       Dungeon | 100.0 | 100.0 |   0.9 |   2.0 |   7.1 | 316.0
               +-------+-------+-------+-------+-------+----------------------

Vault maps used:
D:1:      lightli_arrival_noodles, serial_co_window_serial, co_window_paths_a,
          co_window_paths_a, co_window_cross_1, co_window_corner_a,
          co_window_paths_a, co_window_corner_b, co_window_corner_cb,
          co_window_broadway_a, co_window_corner_b, co_window_2corner,
          co_window_broadway_a, co_window_paths_e, co_window_4corner_a,
          glass_columns_b
D:2:      marbit_many_paths
D:4:      lightli_temple_of_fire
D:5:      overflow_temple_1_default, first_bread, serial_shops, kennysheep_mini,
          hangedman_decor_points
D:6:      nicolae_gozag_seed_capital
D:7:      cheibrodos_fertilizer, old_standard_altar,
          minmay_temple_entry_poolview, serial_co_window_serial,
          co_window_of_opportunity_a, co_window_paths_b, co_window_paths_a,
          co_window_paths_b, co_window_paths_a, co_window_corner_a,
          co_window_corner_a, co_window_paths_a, co_window_corner_a,
          co_window_corner_b, co_window_unsneaky_path_d, uniq_prince_ribbit1
